 Dungeon Crawl Stone Soup version 0.29.1-1-gd02db6906a (webtiles) character file.

Game seed: 14639089331778372840

189 Demigod47 the Covered (level 5, -3/47 HPs)
             Began as a Minotaur Fighter on Oct 11, 2022.
             Slain by Dowan
             ... wielding a +6 dagger of venom
              (5 damage)
             ... on level 4 of the Dungeon.
             The game lasted 00:03:26 (2619 turns).

Demigod47 the Covered (Minotaur Fighter)            Turns: 2619, Time: 00:03:26

Health: -3/47      AC:  7    Str: 23    XL:     5   Next: 40%
Magic:  4/4        EV: 10    Int:  5    God:
Gold:   103        SH:  4    Dex:  9    Spells: 4/4 levels left

rFire   . . .      SeeInvis .   a - +0 flail
rCold   . . .      Faith    .   c - +0 buckler
rNeg    . . .      Spirit   .   b - +0 scale mail
rPois   .          Reflect  .   (helmet restricted)
rElec   .          Harm     .   (no cloak)
rCorr   .          Rampage  .   (no gloves)
Will    .....                   (no boots)
Stlth   ..........              (no amulet)
HPRegen 0.15/turn               (no ring)
MPRegen 0.09/turn               (no ring)

@: lethally poisoned (-3 -> -28), lit by a corona, glowing
A: horns 2, retaliatory headbutt
a: no special abilities


You were on level 4 of the Dungeon.
You visited 1 branch of the dungeon, and saw 4 of its levels.

You collected 103 gold pieces.

Inventory:

Hand Weapons
 a - a +0 flail (weapon)
Missiles
 g - a throwing net (quivered)
Armour
 b - a +0 scale mail (worn)
 c - a +0 buckler (worn)
Jewellery
 l - a ring of willpower
Scrolls
 e - a scroll of teleportation
 i - a scroll of fog
 k - a scroll of noise
 m - a scroll of fear
Potions
 d - 5 potions of might


   Skills:
 + Level 4.3 Fighting
 * Level 4.1 Maces & Flails
 + Level 4.8 Armour
 + Level 1.6 Dodging
 + Level 0.1 Stealth
 + Level 4.6 Shields


You had 4 spell levels left.
You didn't know any spells.
Your spell library contained the following spells:

 Spells                   Type           Power      Damage    Failure   Level
 Magic Dart               Conj           0%         1d3       86%         1
 Call Imp                 Summ           0%         N/A       94%         2
 Poisonous Vapours        Pois/Air       0%         N/A       94%         2
 Mephitic Cloud           Conj/Pois/Air  0%         N/A       99%         3
 Corpse Rot               Necr/Pois/Air  0%         N/A       100%        4


Dungeon Overview and Level Annotations

Branches:
Dungeon (4/15)
 Temple: D:4-7

Altars:
Xom

Shops:
D:1 [

Annotations:
D:4 Dowan


Innate Abilities, Weirdness & Mutations

You have a pair of horns on your head.
You reflexively headbutt those who attack you in melee.


Message History

Duvessa barely misses you. You furiously retaliate!
You headbutt Duvessa, but do no damage. You block Dowan's attack.
The orc barely misses you. You furiously retaliate!
You headbutt the orc!
You kill the orc!
The dart slug briefly extends its eye-stalks.
Duvessa hits you with a +0 short sword.
You hit Duvessa.
Duvessa is severely wounded.
Dowan barely misses you.
Duvessa gestures with her weapon.
Duvessa hits you with a +0 short sword. Dowan completely misses you.
The dart slug launches a dart at you.
The slug dart hits you but does no damage.
You barely miss Duvessa. Your headbutt misses Duvessa.
Duvessa is severely wounded.
Duvessa hits you but does no damage.
Dowan hits you with a +6 dagger of venom.
You are poisoned.
You barely miss Duvessa.
Duvessa is severely wounded.
You feel very sick. Duvessa closely misses you.
Dowan hits you with a +6 dagger of venom.
You are more poisoned.
You hit Duvessa but do no damage. You headbutt Duvessa.
Duvessa is almost dead.
You feel very sick. Duvessa hits you but does no damage.
Dowan gestures at you while chanting.
You are outlined in light.
Duvessa hits you with a +0 short sword!
You hit Duvessa.
You kill Duvessa!
Dowan seems overcome with grief.
Dowan seems to find hidden reserves of power!
You feel very sick.
Dowan hits you with a +6 dagger of venom!
* * * LOW HITPOINT WARNING * * *
You are more poisoned.
Dowan hits you with a +6 dagger of venom.
You die...

................
................
................
................
.....?..........
................
.......e........
......w)@)......
.......#........
.....#.....###..
.... ......# ...
#.#.#..# .. #.#.
... . ..## .#..
... ###.#


You could see Dowan (fast) and a dart slug.

Vanquished Creatures
  Duvessa (D:4)
  An orc priest (D:3)
  An orc wizard (D:3)
  A gnoll (D:1)
  7 adders
  A worm (D:3)
  9 orcs
  6 bats
  2 endoplasms
  A giant cockroach (D:2)
  4 goblins
  4 hobgoblins
  7 jackals (D:3)
  3 quokkas (D:1)
  3 ball pythons
  2 frilled lizards (D:1)
  5 kobolds
  5 rats
63 creatures vanquished.

Vanquished Creatures (others)
  3 plants (D:2)
3 creatures vanquished.

Grand Total: 66 creatures vanquished

Notes
Turn   | Place    | Note
-------+----------+-------------------------------------------
     0 | D:1      | Demigod47 the Minotaur Fighter began the quest for the Orb.
     0 | D:1      | Reached XP level 1. HP: 19/19 MP: 0/0
    52 | D:1      | Found Igujuon's Armour Boutique.
    94 | D:1      | Reached XP level 2. HP: 27/27 MP: 1/1
   631 | D:1      | Reached XP level 3. HP: 29/33 MP: 2/2
  1329 | D:3      | Reached XP level 4. HP: 27/40 MP: 3/3
  1425 | D:3      | Found a shimmering altar of Xom.
  1473 | D:3      | Identified the +3 spear "Efimyu" {flame, rF- Int+6 Dex-2
                  | SInv}
  2311 | D:3      | Reached XP level 5. HP: 24/47 MP: 4/4
  2314 | D:3      | Reached skill level 1 in Dodging
  2467 | D:4      | Noticed Dowan
  2467 | D:4      | Noticed Duvessa
  2619 | D:4      | Killed Duvessa
  2619 | D:4      | HP: 2/47 [Dowan/+6 dagger of venom (11)]
  2619 | D:4      | Slain by Dowan

Illustrated notes

Levels and vault maps discovered:
D:1:      evilmike_arrival_crescent, layout_rooms, serial_shops, shop,
          minmay_pentomino_u2
D:2:      wad_lake_hut, layout_rooms, basic_altar, serial_glass,
          glass_columns_b, glass_columns_a, serial_shops,
          nicolae_shop_bloodbath_and_beyond,
          chequers_ecumenical_altar_simple_redux
D:3:      layout_basic, mainiacjoe_overflow_catwalk
D:4:      layout_rooms, minmay_stone_trees_medium, minmay_goblin_outpost,
          uniq_duvessa

Skill      XL: |  1  2  3  4  5 |
---------------+----------------+-----
Shields        | 4 |  4.6
Fighting       | 4 |  4.3
Armour         | 4 |  4.8
Maces & Flails | 3 4 |  4.1
Dodging        | 1 |  1.6
Stealth        | |  0.1

Action                   |  1- 3 |  4- 6 || total
-------------------------+-------+-------++-------
Melee: Flail             |    94 |    66 ||   160
       Headbutt          |    13 |    14 ||    27
  Use: Scroll            |       |     4 ||     4
       Potion            |       |     2 ||     2
Armor: Scale mail        |    54 |    42 ||    96
Dodge: Dodged            |    52 |    53 ||   105
Block: Buckler           |    28 |    31 ||    59
